 Dungeon Crawl Stone Soup version 0.26.1-2-gb8aa6d0cf2 (webtiles) character file.

Game seed: 4138450030757401406

8920 skwiii the Fighter (level 11, -1/111 HPs)
             Began as a Minotaur Berserker on Feb 17, 2021.
             Was a High Priest of Trog.
             Slain by an orc warlord
             ... wielding a +0 long sword
              (35 damage)
             ... in a bailey.
             The game lasted 00:26:59 (12615 turns).

skwiii the Fighter (Minotaur Berserker)            Turns: 12615, Time: 00:26:59

Health: -1/111     AC:  9    Str: 26    XL:     11   Next: 16%
Magic:  10/10      EV: 11    Int:  4    God:    Trog [*****.]
Gold:   440        SH:  0    Dex:  9    Spells: 10/10 levels left

rFire    x . .     SeeInvis .   Q - +5 war axe
rCold    + . .     Faith    .   (no shield)
rNeg     . . .     Spirit   .   s - +1 ring mail
rPois    .         Reflect  .   (helmet restricted)
rElec    .         Harm     .   (no cloak)
rCorr    .         Rampage  .   o - +0 pair of gloves
Will     +++..                  (no boots)
Stlth    ..........             i - amulet of regeneration
HPRegen  1.68/turn              l - ring of ice
MPRegen  0.12/turn              y - ring of willpower

@: berserk cooldown, regenerating (expiring), slowed, very slow
A: retaliatory headbutt, horns 2
a: Renounce Religion, Berserk, Trog's Hand, Brothers in Arms


You were in a bailey.
You worshipped Trog.
Trog was extremely pleased with you.
You visited 1 branch of the dungeon, and saw 10 of its levels.
You also visited: Bailey.

You collected 440 gold pieces.

Inventory:

Hand Weapons
 a - a +1 hand axe
 m - a +0 halberd
 F - a +4 battleaxe
 L - a +2 hand axe
 M - a +2 shortbow of flaming
 Q - a +5 war axe (weapon)
Armour
 b - a +0 animal skin
 o - a +0 pair of gloves (worn)
 s - a +1 ring mail (worn)
 I - a +0 ring mail
 K - a +0 ring mail
 R - a +0 ring mail
Magical Staves
 n - a cursed staff of poison
Jewellery
 i - an amulet of regeneration (around neck)
 l - a ring of ice (left hand)
 u - an uncursed amulet of faith
 y - a ring of willpower (right hand)
 C - an uncursed ring of protection from fire
 G - a +6 ring of dexterity
 H - a cursed ring of attention
 N - an uncursed ring of poison resistance
Wands
 D - a wand of iceblast (16)
 E - a wand of disintegration (9)
Scrolls
 d - a scroll of immolation
 e - 3 scrolls of amnesia
 g - 3 scrolls of teleportation
 h - a scroll of identify
 k - 4 scrolls of remove curse
 r - a scroll of noise
 v - 2 scrolls of random uselessness
 x - 2 scrolls of magic mapping
 A - a scroll of fear {unknown}
 B - 2 scrolls of enchant armour
 J - a scroll of fog {unknown}
 O - a scroll of torment {unknown}
 P - a scroll of enchant weapon
 S - 3 scrolls of blinking {unknown}
Potions
 c - 2 potions of mutation {unknown}
 f - 6 potions of flight
 j - 6 potions of curing
 p - 2 potions of might {unknown}
 q - 2 potions of heal wounds
 t - 2 potions of attraction
 w - a potion of lignification
 z - 2 potions of magic {unknown}


   Skills:
 * Level 14.4 Fighting
 + Level 11.0 Axes
 + Level 10.6 Armour
 - Level 2.2 Dodging


You had 10 spell levels left.
You didn't know any spells.
Your spell library contained the following spells:

 Spells                   Type           Power        Failure   Level
 Animate Skeleton         Necr           0%           61%         1
 Apportation              Tloc           0%           61%         1
 Corona                   Hex            0%           61%         1
 Summon Small Mammal      Summ           0%           61%         1
 Ensorcelled Hibernation  Hex/Ice        0%           75%         2
 Confusing Touch          Hex            0%           93%         3
 Dazzling Flash           Conj/Hex       0%           93%         3
 Tukima's Dance           Hex            0%           93%         3


Dungeon Overview and Level Annotations

Branches:
Dungeon (10/15)            Temple (0/1) D:5             Orc (0/2) D:10
 Bailey (1/1)
   Lair: D:8-11

Altars:
Ashenzari
Cheibriados
Dithmenos
Elyvilon
Hepliaklqana
Kikubaaqudgha
Makhleb
Okawaru
Qazlal
Ru
Uskayaw
Yredelemnul

Shops:
D:4 =*:[*   D:9 :


Innate Abilities, Weirdness & Mutations

You reflexively headbutt those who attack you in melee.
You have a pair of horns on your head.


Message History

Here: an orc warlord, wielding a +0 long sword, wearing a cursed -2 plate armour and wearing a +0 tower shield (lightly wounded, strong)
Items here: )) [[.
The floor, spattered with blood.
You feel a strong urge to attack something.
You feel your anger nearly subside.
You are no longer berserk.
You are exhausted.
You feel yourself slow down.
The orc warrior no longer looks unusually strong.
The orc warlord roars a battlecry!
The orc warrior goes into a battle-frenzy!
Items here: ))))) [[[[[ †††.
You feel the effects of Trog's Hand fading.
The orc warrior no longer looks unusually strong.
The orc no longer looks unusually strong.
The orc warlord roars a battlecry!
The orcs go into a battle-frenzy!
You feel much better.
The orc knight no longer looks unusually strong.
The orc warlord hits you with a +0 long sword!!
You die...

###.....###.###.o.
###.
##.........###..... #
#..........8##o.... #
#.........)8#g..... #
#∩....⌠....)oogo... #
#.........o8#.g.... #
#.......o..8# ..... #
##......og.### .... ##
###...)@###.###.o.
###.
###.#'#.....###.###...
###.........###.....
#...........#......
#...........#......
#.....⌠....)#.....⌠
#..........))......
#..........)#......
##.........###.....


You could see an orc warlord (strong), an orc knight, 3 orc warriors, an orc
(strong), a hobgoblin and a goblin.

Vanquished Creatures
  Harold (D:7)
  Erica (D:7)
  Urug (D:10)
  Joseph (D:8)
  Maggie (D:7)
  A wyvern (D:9)
  A basilisk (D:8)
  Menkaure (D:7)
  A black bear (D:9)
  12 orc warriors
  2 phantoms (D:5)
  2 sky beasts (D:9)
  5 centaurs
  8 ogres
  6 bullfrogs
  A gnoll sergeant (D:8)
  3 scorpions
  6 killer bees
  4 wights (D:8)
  A howler monkey (D:6)
  A vampire bat (D:5)
  A bullfrog zombie (D:7)
  2 centaur zombies
  3 jellies
  2 bullfrog skeletons
  A centaur skeleton (D:6)
  2 quasits
  4 hounds
  4 orc priests
  A gnoll shaman (D:9)
  15 orc wizards
  Jessica (D:2)
  2 iguanas
  4 worker ants
  2 hound skeletons
  A hound zombie (D:7)
  Robin (D:3)
  17 gnolls
  10 adders
  A shadow imp (D:5)
  4 white imps
  An ufetubus (D:2)
  3 oozes
  An adder skeleton (D:4)
  3 worms (D:2)
  2 dart slugs
  6 leopard geckos
  42 orcs
  6 bat zombies (D:5)
  A giant cockroach (D:1)
  36 goblins
  26 hobgoblins
  8 jackals
  12 kobolds
  3 quokkas
  A ball python (D:5)
  9 bats
  8 frilled lizards
  A giant cockroach zombie (D:6)
  2 jackal zombies (D:5)
  A quokka skeleton (D:8)
  A quokka zombie (D:6)
  8 rats
319 creatures vanquished.

Vanquished Creatures (collateral kills)
  A yak (D:8)
  A gnoll (D:8)
  4 orcs (D:8)
6 creatures vanquished.

Grand Total: 325 creatures vanquished

Notes
Turn   | Place    | Note
-------+----------+-------------------------------------------
     0 | D:1      | skwiii the Minotaur Berserker began the quest for the Orb.
     0 | D:1      | Reached XP level 1. HP: 19/19 MP: 0/0
    53 | D:1      | Reached skill level 4 in Fighting
    54 | D:1      | Reached XP level 2. HP: 19/27 MP: 1/1
  1537 | D:1      | Reached XP level 3. HP: 34/34 MP: 2/2
  1893 | D:2      | Reached ** piety under Trog
  1894 | D:2      | Reached skill level 5 in Fighting
  1894 | D:2      | Reached XP level 4. HP: 24/42 MP: 3/3
  2908 | D:2      | Found a sacrificial altar of Ru.
  3123 | D:2      | Noticed Jessica
  3132 | D:2      | Killed Jessica
  3133 | D:2      | Reached XP level 5. HP: 42/49 MP: 4/4
  3493 | D:3      | Noticed Robin
  3506 | D:3      | Killed Robin
  3787 | D:3      | Found a hazy altar of Hepliaklqana.
  3900 | D:3      | Reached *** piety under Trog
  4145 | D:3      | Noticed a centaur
  4152 | D:3      | Killed a centaur
  4153 | D:3      | Reached skill level 6 in Fighting
  4153 | D:3      | Reached skill level 5 in Axes
  4153 | D:3      | Reached XP level 6. HP: 34/58 MP: 5/5
  4763 | D:4      | Reached skill level 7 in Fighting
  5109 | D:4      | Reached skill level 5 in Armour
  5109 | D:4      | Reached XP level 7. HP: 46/66 MP: 6/6
  5226 | D:4      | Found a snail-covered altar of Cheibriados.
  5334 | D:4      | Reached skill level 8 in Fighting
  5776 | D:4      | Found Ikiuj's Assorted Antiques.
  5802 | D:4      | Found Uratih's Jewellery Shoppe.
  5989 | D:4      | Found Zostylul's General Store.
  5994 | D:4      | Found Saobap's Armour Shoppe.
  6207 | D:4      | Found Hemn's Book Emporium.
  6446 | D:5      | Entered Level 5 of the Dungeon
  6517 | D:5      | Reached XP level 8. HP: 70/77 MP: 7/7
  6582 | D:5      | Reached skill level 9 in Fighting
  6957 | D:5      | Found an ancient bone altar of Kikubaaqudgha.
  7071 | D:5      | Found a basalt altar of Yredelemnul.
  7168 | D:5      | Found a burning altar of Makhleb.
  7173 | D:5      | Found an iron altar of Okawaru.
  7437 | D:5      | Found a staircase to the Ecumenical Temple.
  7592 | D:6      | Reached **** piety under Trog
  7605 | D:6      | Reached skill level 10 in Fighting
  7748 | D:6      | Found a stormy altar of Qazlal.
  8114 | D:6      | Reached XP level 9. HP: 84/86 MP: 8/8
  8465 | D:6      | Found a broken altar of Ashenzari.
  8665 | D:7      | Found a white marble altar of Elyvilon.
  8687 | D:7      | Reached skill level 11 in Fighting
  8797 | D:7      | Noticed Harold
  8817 | D:7      | Killed Harold
  9018 | D:7      | Reached skill level 12 in Fighting
  9054 | D:7      | Noticed Menkaure
  9062 | D:7      | Killed Menkaure
  9109 | D:7      | Noticed Maggie
  9259 | D:7      | Killed Maggie
  9697 | D:8      | Noticed Erica
  9699 | D:8      | Paralysed by Erica for 3 turns
  9717 | D:8      | Paralysed by something for 4 turns
  9746 | D:7      | Killed Erica
  9747 | D:7      | Reached XP level 10. HP: 40/100 MP: 9/9
 10713 | D:8      | Noticed Joseph
 10771 | D:8      | Killed Joseph
 10772 | D:8      | Reached skill level 13 in Fighting
 11010 | D:8      | Reached skill level 10 in Axes
 11090 | D:8      | Reached ***** piety under Trog
 11267 | D:9      | Found a shadowy altar of Dithmenos.
 11440 | D:9      | Reached skill level 10 in Armour
 11655 | D:9      | Found Kiomeox's Book Boutique.
 11847 | D:9      | Found a hide-covered altar of Uskayaw.
 11915 | D:10     | Entered Level 10 of the Dungeon
 12088 | D:10     | Reached skill level 14 in Fighting
 12101 | D:10     | Found a staircase to the Orcish Mines.
 12102 | D:10     | Noticed Urug
 12117 | D:10     | Killed Urug
 12118 | D:10     | Reached XP level 11. HP: 17/110 MP: 10/10
 12300 | D:10     | Found a flagged portal.
 12315 | Bailey   | Entered a bailey
 12535 | Bailey   | Received a gift from Trog
 12590 | Bailey   | Noticed an orc warlord
 12601 | Bailey   | Noticed an orc knight
 12608 | Bailey   | HP: 1/166 [orc warlord/+0 long sword (36)]
 12615 | Bailey   | Slain by an orc warlord

Illustrated notes

Levels and vault maps discovered:
D:1:      lemuel_arrival_room, layout_basic, roderic_lattice_a
D:2:      layout_loops_corners, nicolae_overflow_hidden_temple,
          kennysheep_generic_room_3, uniq_jessica
D:3:      layout_loops_ring, nzn_hepliaklqana_mist_gate, uniq_robin
D:4:      layout_cave_pods, kennysheep_little_box, serial_shops,
          kennysheep_mini, nicolae_shop_trees, nicolae_shop_crystal,
          nicolae_shop_trees, shop, minmay_stone_trees_small
D:5:      minmay_inner_zag, layout_loops_corners, kennysheep_vampire_church,
          minitemple, lemuel_doored_altar, minmay_temple_entry_trees
D:6:      layout_rooms, kennysheep_mini_moat, lemuel_round_altar
D:7:      layout_loops_ring, elyvilon_altar_3, uniq_menkaure, uniq_maggie,
          uniq_harold
D:8:      layout_rooms, minmay_pinched_square, uniq_erica, uniq_joseph
D:9:      layout_loops_ring, nicolae_dithmenos_the_darkroom,
          overflow_temple_1_default, serial_shops, shop_fountains
D:10:     minmay_the_grid_triangle_9x9_rhombus_full
          [minmay_the_grid_triangle_9x9_semitri,
          minmay_the_grid_triangle_9x9_skeleton,
          minmay_the_grid_triangle_9x9_limited_checkers,
          minmay_the_grid_triangle_9x9_alien,
          minmay_the_grid_triangle_9x9_corruption,
          minmay_the_grid_triangle_9x9_tough_junction,
          minmay_the_grid_triangle_9x9_flanged_cone,
          minmay_the_grid_triangle_9x9_prize_special], layout_long_grid,
          enter_bailey_3, serial_shops, shop_statue, trog_book, uniq_urug
Bailey:   bailey_axe_minmay_hex_keep, bailey

Skill      XL: |  1  2  3  4  5  6  7  8  9 10 11 |
---------------+----------------------------------+-----
Fighting       | 4 5 6 7 8 10 12 14 | 14.4
Axes           | 4 5 6 7 9 10 11 | 11.0
Armour         | 3 4 5 6 7 9 10 | 10.6
Dodging        | |  2.2

Action                   |  1- 3 |  4- 6 |  7- 9 | 10-12 || total
-------------------------+-------+-------+-------+-------++-------
Melee: Hand axe          |    54 |   138 |   292 |     7 ||   491
       Headbutt          |     6 |    31 |    66 |    32 ||   135
       Battleaxe         |       |       |       |   204 ||   204
       War axe           |       |       |       |    23 ||    23
Invok: Berserk           |       |       |     6 |     4 ||    10
       Trog's Hand       |       |       |     4 |     2 ||     6
       Brothers in Arms  |       |       |       |     1 ||     1
  Use: Scroll            |     1 |     7 |     6 |     6 ||    20
       Potion            |     1 |       |     7 |     2 ||    10
 Stab: Sleeping          |     1 |       |       |       ||     1
       Distracted        |       |       |     1 |       ||     1
Armor: Animal skin       |     7 |    13 |       |       ||    20
       Ring mail         |       |    19 |   107 |   128 ||   254
Dodge: Dodged            |    37 |    82 |   153 |   170 ||   442
